 Dungeon Crawl Stone Soup version 0.29.1-15-g9cfb28693d (webtiles) character file.

Game seed: 3618458338975465659

168 dudediamond6 the Trooper (level 5, -2/42 HPs)
             Began as a Demonspawn Abyssal Knight on Mar 30, 2023.
             Was a Priest of Lugonu.
             Slain by a wyvern (3 damage)
             ... on level 4 of the Dungeon.
             The game lasted 00:04:07 (3054 turns).

dudediamond6 the Trooper (DsAK)                     Turns: 3054, Time: 00:04:07

Health: -2/42      AC: 14    Str: 13    XL:     5   Next: 23%
Magic:  7/7        EV:  2    Int: 11    God:    Lugonu [***...]
Gold:   186        SH:  4    Dex: 16    Spells: 4/4 levels left

rFire   . . .      SeeInvis .   a - +1 falchion
rCold   . . .      Faith    .   n - +0 buckler
rNeg    . . .      Spirit   .   c - +0 chain mail
rPois   +          Reflect  .   (no helmet)
rElec   .          Harm     .   (no cloak)
rCorr   .          Rampage  .   j - +0 pair of gloves
Will    .....                   (no boots)
Stlth   ..........              (no amulet)
HPRegen 0.14/turn               (no ring)
MPRegen 0.10/turn               (no ring)

@: constricted
A: claws 1, slimy green scales 3
a: Renounce Religion, Depart the Abyss, Bend Space, Banish


You were on level 4 of the Dungeon.
You worshipped Lugonu.
Lugonu was most pleased with you.
You visited 1 branch of the dungeon, and saw 4 of its levels.
You visited the Abyss 1 time.

You collected 186 gold pieces.

Inventory:

Hand Weapons
 a - a +1 falchion (weapon)
Armour
 b - a +0 leather armour
 c - a +0 chain mail (worn)
 j - a +0 pair of gloves (worn)
 n - a +0 buckler (worn)
Wands
 h - a wand of charming (7) (quivered)
Scrolls
 d - a scroll of teleportation
 f - a scroll of noise
Potions
 e - 2 potions of heal wounds
 g - a potion of curing


   Skills:
 + Level 3.6 Fighting
 + Level 3.3 Long Blades
 + Level 3.0 Armour
 + Level 1.2 Dodging
 + Level 0.5 Shields
 * Level 2.9 Invocations


You had 4 spell levels left.
You didn't know any spells.
Your spell library contained the following spells:

 Spells                   Type           Power      Damage    Failure   Level
 Ozocubu's Armour         Ice            0%         N/A       100%        3
 Ozocubu's Refrigeration  Ice            0%         4d7       100%        7


Dungeon Overview and Level Annotations

Branches:
Dungeon (4/15)
 Temple: D:4-7

Altars:


Innate Abilities, Weirdness & Mutations

You have sharp fingernails.
You are completely covered in slimy green scales. (AC +4, rPois)


Message History

Lugonu accepts your kill.
You see here a hobgoblin corpse.
You see here a hobgoblin corpse.
You pick up Ozocubu's Autobiography and begin reading...
You add the spells Ozocubu's Armour and Ozocubu's Refrigeration to your library.
HP restored.
A wyvern is nearby!
The wyvern hisses angrily.
A ball python comes into view.
The ball python hisses angrily.
Found 11 gold pieces.
You closely miss the ball python.
The ball python bites you but does no damage.
The ball python grabs you. The ball python constricts you.
The wyvern bites you but does no damage.
You hit the ball python.
The ball python is severely wounded.
The ball python bites you but does no damage.
The ball python constricts you. The wyvern bites you!
The ball python barely misses you. The ball python constricts you.
You hit the wyvern.
The wyvern is lightly wounded.
The wyvern bites you. x2
The ball python bites you but does no damage.
The ball python constricts you.
You hit the wyvern.
The wyvern is moderately wounded.
You block the wyvern's attack. The ball python bites you.
The ball python constricts you.
The wyvern bites you but does no damage.
You closely miss the wyvern.
The wyvern is moderately wounded.
The wyvern bites you! You block the ball python's attack.
The ball python constricts you. The ball python barely misses you.
The ball python constricts you. The wyvern bites you!
* * * LOW HITPOINT WARNING * * *
You closely miss the wyvern.
The wyvern is lightly wounded.
The wyvern bites you.
You die...

$# ##.## #...# ### #...#...#
#...#...# .. #....>..##.......
#S...............
#@.......###...#+#
#l..#+#....+......
#.........##...?.. ### ######
##............#....
#.###....###...........#......
#.....†.........#+#......<....
#.................~~~~~~~~####
##.$...#.......~~~~≈≈≈≈≈≈~~~~~
#.....##+###~~~≈≈≈≈≈≈≈≈≈≈≈≈≈~


You could see a wyvern and a ball python.

Vanquished Creatures
  An iguana (D:2)
  A gnoll (D:3)
  4 adders
  3 worms
  3 dart slugs
  5 orcs (D:3)
  5 ball pythons
  6 endoplasms
  A giant cockroach (D:3)
  4 goblins
  6 hobgoblins
  3 jackals (D:1)
  6 kobolds
  2 quokkas
  6 bats
  2 frilled lizards
  3 rats
61 creatures vanquished.

Vanquished Creatures (collateral kills)
  2 gnolls (D:3)
  A kobold (D:3)
3 creatures vanquished.

Grand Total: 64 creatures vanquished

Notes
Turn   | Place    | Note
-------+----------+-------------------------------------------
     0 | Abyss:1  | dudediamond6 the Demonspawn Abyssal Knight began the quest
                  | for the Orb.
     0 | Abyss:1  | Reached XP level 1. HP: 18/18 MP: 2/2
     1 | D:1      | Escaped the Abyss
   363 | D:1      | Gained mutation: You are partially covered in slimy green
                  | scales. (AC +2) [demonic ancestry]
   363 | D:1      | Reached XP level 2. HP: 21/24 MP: 3/3
   396 | D:1      | Found a faded altar of an unknown god.
  1180 | D:2      | Reached skill level 1 in Dodging
  1181 | D:2      | Gained mutation: You are mostly covered in slimy green
                  | scales. (AC +3) [demonic ancestry]
  1181 | D:2      | Reached XP level 3. HP: 29/29 MP: 4/4
  1418 | D:2      | Reached *** piety under Lugonu
  1419 | D:2      | Gained mutation: You are completely covered in slimy green
                  | scales. (AC +4, rPois) [demonic ancestry]
  1419 | D:2      | Reached XP level 4. HP: 15/36 MP: 5/5
  2708 | D:3      | Gained mutation: You have sharp fingernails. [demonic
                  | ancestry]
  2708 | D:3      | Reached XP level 5. HP: 34/41 MP: 6/6
  2974 | D:4      | Noticed a wyvern
  3053 | D:4      | HP: 1/42 [wyvern (12)]
  3054 | D:4      | Slain by a wyvern

Illustrated notes

Levels and vault maps discovered:
D:1:      wander_arrival_peaceful_grave, layout_basic,
          chequers_ecumenical_altar_island, st_stairs_10,
          amcnicky_mini_pool_small
D:2:      layout_rooms, corexii_item_surrounded_by_moat,
          minmay_misc_feat_hallway, grunt_decor_resistance,
          chequers_decorated_corner
D:3:      layout_loops_cross
D:4:      wander_river, layout_basic, gup_sewer_entry_bubbles, serial_shops,
          nicolae_shop_hallway_stairs, uniq_sigmund

Skill      XL: |  1  2  3  4  5 |
---------------+----------------+-----
Long Blades    | 2 3 |  3.3
Armour         | 2 3 |  3.0
Dodging        | 1 |  1.2
Fighting       | |  3.6
Shields        | |  0.5
Invocations    | |  2.9

Action                   |  1- 3 |  4- 6 || total
-------------------------+-------+-------++-------
Melee: Falchion          |   103 |    96 ||   199
Evoke: Wand              |       |     3 ||     3
  Use: Scroll            |     1 |     6 ||     7
       Potion            |       |     1 ||     1
Armor: Chain mail        |    82 |    78 ||   160
Dodge: Dodged            |    46 |    22 ||    68
Block: Buckler           |       |    13 ||    13
